AoeStats
← gggmeuer

Arena

507113037Analyzed
3v3 RM · 15d ago on Sep 16, 2026· 41m 16s· 6 players
Game mode
Random Map
Map size
Normal (6 player)
Population
200
Speed
Normal
Resources
Standard
Victory
Conquest
Starting age
Dark Age
Ending age
Imperial Age
RankedLock teamsTeams togetherTeam positionsShared explorationLock speedFull tech treeHidden civsTurbo modeCheats
Victory
Defeat
🇨🇭 Slavs · Switzerland
1525
+11
🇨🇭 Cumans · Switzerland
1499
+12
🇩🇪 Bohemians · Germany
1488
+13
🇳🇴 Sicilians · Norway
1464
-14
🇺🇸 Gurjaras · United States
1421
-12
🇵🇪 Bohemians · Peru
1369
-10
DEMLOUDBOYZ
10:28 Feudal Age
12:09 Double-Bit Axe
14:29 Castle Age
13:22 Horse Collar
14:36 Scale Barding Armor
15:08 Bloodlines
18:48 Wheelbarrow
19:42 Bow Saw
21:34 Heavy Plow
21:36 Gold Mining
23:16 Gold Shaft Mining
24:40 Husbandry
26:01 Chain Barding Armor
27:03 Forging
32:13 Imperial Age
29:25 Light Cavalry
30:42 Iron Casting
30:17 Stone Mining
32:49 Fletching
33:34 Ballistics
33:29 Bodkin Arrow
33:35 Padded Archer Armor
33:13 Heavy Camel Rider
33:43 Elite Elephant Archer
34:30 Bracer
34:43 Thumb Ring
35:41 Plate Barding Armor
38:11 Frontier Guards
38:40 Conscription
BRAHN
11:33 Feudal Age
15:07 Castle Age
13:31 Double-Bit Axe
13:43 Horse Collar
16:12 Bow Saw
17:26 Chemistry
18:44 Heavy Plow
18:58 Crossbowman
25:59 Wheelbarrow
29:21 Imperial Age
28:14 Pikeman
28:55 Squires
29:25 Hand Cart
28:56 Town Watch
29:47 Scale Mail Armor
29:58 Forging
29:40 Halberdier
33:13 Chain Mail Armor
33:34 Iron Casting
37:32 Fortified Wall
37:08 Houfnice
39:03 Blast Furnace
38:33 Plate Mail Armor
39:12 Padded Archer Armor
38:49 Houfnice
41:31 Siege Engineers
Sasha The Bunny
10:54 Feudal Age
14:47 Castle Age
13:25 Gold Mining
14:48 Scale Mail Armor
15:07 Horse Collar
16:58 Loom
17:48 Double-Bit Axe
20:04 Bow Saw
22:58 Fletching
22:54 Pikeman
25:21 Chain Mail Armor
25:16 Forging
26:37 Heavy Plow
29:40 Iron Casting
30:51 Wheelbarrow
35:55 Imperial Age
34:11 Bodkin Arrow
36:01 First Crusade
37:49 Plate Mail Armor
38:38 Padded Archer Armor
38:45 Crossbowman
40:15 Town Watch
40:47 Halberdier
Tilt Eulenspiegel
10:26 Feudal Age
14:26 Castle Age
12:28 Horse Collar
13:15 Double-Bit Axe
17:13 Bow Saw
17:14 Heavy Plow
19:26 Loom
21:19 Wheelbarrow
23:32 Sanctity
29:05 Hand Cart
31:37 Imperial Age
29:08 Town Watch
29:02 Pikeman
29:42 Squires
31:43 Chemistry
30:55 Masonry
31:10 Scale Mail Armor
31:40 Halberdier
32:57 Chain Mail Armor
33:41 Block Printing
34:13 Plate Mail Armor
34:37 Forging
34:21 Houfnice
36:06 Redemption
36:55 Devotion
38:03 Siege Engineers
38:28 Architecture
39:58 Conscription
39:57 Hussite Reforms
41:33 Illumination
hoiduloi
5:51 Loom
8:48 Feudal Age
9:57 Double-Bit Axe
12:32 Fletching
18:59 Castle Age
17:13 Horse Collar
18:29 Gold Mining
20:33 Bow Saw
21:29 Wheelbarrow
25:31 Hand Cart
26:26 Stone Mining
27:33 Heavy Plow
30:27 Imperial Age
29:59 Gold Shaft Mining
30:19 Pikeman
30:59 Squires
30:32 Onager
31:16 Scale Mail Armor
31:27 Forging
31:14 Halberdier
32:29 Chain Mail Armor
34:47 Plate Mail Armor
34:53 Iron Casting
35:09 Siege Onager
37:57 Blast Furnace
37:49 Siege Engineers
gggmeuer
9:00 Feudal Age
9:30 Double-Bit Axe
11:33 Horse Collar
17:03 Wheelbarrow
20:28 Castle Age
18:49 Gold Mining
19:10 Loom
19:12 Town Watch
20:31 Scale Barding Armor
20:37 Forging
21:20 Bloodlines
22:23 Chain Barding Armor
22:14 Heavy Plow
22:28 Bow Saw
25:50 Hand Cart
28:03 Gold Shaft Mining
29:37 Town Watch
33:03 Imperial Age
31:48 Chain Barding Armor
32:04 Iron Casting
33:06 Cavalier
34:22 Plate Barding Armor
34:49 Blast Furnace
34:17 Conscription
34:34 Fletching
35:25 Paladin
37:16 Bodkin Arrow
38:14 Crop Rotation
37:39 Stone Mining
40:37 Padded Archer Armor
40:17 Light Cavalry
Connection lost

Rejoining the realm…

Still unreachable

The connection could not be restored.

Session expired

The server has moved on; the page needs a fresh start.